 Dungeon Sprint DCSS version 0.22-a0-460-g49b1da7 (webtiles) character file.

427 emperorscorpion the Thaumaturge (level 6, 0/32 HPs)
             Began as a Deep Elf Air Elementalist on June 9, 2018.
             Was a Believer of Sif Muna.
             Slain by a troll (7 damage)
             ... in the Dungeon (Sprint IX: "|||||||||||||||||||||||||||||").
             The game lasted 00:02:19 (393 turns).

emperorscorpion the Thaumaturge (DEAE)               Turns: 393, Time: 00:02:20

Health: 0/32       AC:  5    Str:  5    XL:     6   Next: 65%
Magic:  11/21      EV: 18    Int: 21    God:    Sif Muna [**....]
Gold:   0          SH:  0    Dex: 16    Spells: 13/25 levels left

rFire    . . .     SeeInvis .   a - +2 short sword (freeze)
rCold    . . .     Gourm    .   (no shield)
rNeg     . . .     Faith    .   o - +0 robe
rPois    .         Spirit   .   (no helmet)
rElec    .         Reflect  .   (no cloak)
rCorr    .         Harm     .   q - +0 pair of gloves
MR       .....     NoTele   +   (no boots)
Stlth    +++.......             (no amulet)
HPRegen  0.10/turn              s - +2 ring of protection
MPRegen  0.17/turn              t - +2 ring of evasion

@: no status effects
A: no striking features
a: Divine Energy, Renounce Religion


You were in the Dungeon.
You worshipped Sif Muna.
Sif Muna was pleased with you.
You were not hungry.

You visited 1 branch

Inventory:

Hand Weapons
 a - a +2 short sword of freezing (weapon)
 p - a +2 rapier of draining
Armour
 o - a +0 robe (worn)
 q - a +0 pair of gloves (worn)
 r - a +1 scale mail
Magical Staves
 b - an uncursed staff of energy
Jewellery
 s - a +2 ring of protection (left hand)
 t - a +2 ring of evasion (right hand)
Wands
 n - a wand of iceblast (10)
Scrolls
 i - 2 scrolls of blinking
 l - 3 scrolls of remove curse
 m - 2 scrolls of amnesia
Potions
 d - 5 potions of curing
 e - 3 potions of heal wounds
 f - a potion of haste
 g - 4 potions of magic
 h - a potion of berserk rage
 k - a potion of invisibility
Comestibles
 c - a ration
 j - 3 chunks of flesh


   Skills:
 + Level 0.1 Fighting
 + Level 5.7 Dodging
 - Level 4.6 Stealth
 * Level 10.2 Spellcasting
 + Level 3.3 Conjurations
 * Level 5.2 Charms
 + Level 9.4 Air Magic
 * Level 4.3 Invocations
 + Level 0.4 Evocations


You had 13 spell levels left.
You knew the following spells:

 Your Spells              Type           Power        Failure   Level  Hunger
a - Shock                 Conj/Air       ####         1%          1    None
b - Swiftness             Chrm/Air       #####...     1%          2    None
c - Airstrike             Air            ######....   1%          4    ##.....
d - Lightning Bolt        Conj/Air       #####.....   13%         5    ####...

Your spell library contained the following spells:

 Spells                   Type           Power        Failure   Level  Hunger
 Static Discharge         Conj/Air       #####...     1%          3    None


Dungeon Overview and Level Annotations

Branches:
Dungeon (1/1)

Altars:
Cheibriados
Dithmenos
Elyvilon
Fedhas
Gozag
Hepliaklqana
Kikubaaqudgha
Makhleb
Nemelex Xobeh
Okawaru
Qazlal
Ru
Sif Muna
Trog
Uskayaw
Vehumet
Wu Jian
Xom
Yredelemnul
Zin
The Shining One
Beogh
Jiyva
Lugonu


Message History

Unknown command.
Unknown command.
Casting: Lightning Bolt (slightly dangerous; 13% risk of failure)
Confirm with . or Enter, or press ? or * to list all spells.
Aiming: Lightning Bolt (slightly dangerous; 13% risk of failure)
Press: ? - help, Shift-Dir - straight line, f/p - troll
Aim: a troll (lightly wounded)
You hear a mighty clap of thunder!
The bolt of lightning hits the troll.
The troll is severely wounded.
The bolt of lightning hits the jackal skeleton.
The jackal skeleton is severely damaged.
The bolt of lightning hits the centaur.
The centaur is lightly wounded.
The bolt of lightning hits the seven-headed hydra.
The seven-headed hydra is moderately wounded.
The troll bites you!
* * * LOW HITPOINT WARNING * * *
The troll claws you!
You die...

▓l▓
▓.▓
▓o▓
▓D▓
▓c▓
▓Z▓
▓T▓
▓@▓
▓.▓
▓.▓
▓.▓
▓.▓
▓.▓
▓÷▓
▓.▓
▓.▓


You could see a seven-headed hydra, a troll, an orc warrior, a wyvern, a centaur
and a jackal skeleton.

Vanquished Creatures
  A water moccasin (D)
  An ogre (D)
  A bullfrog (D)
  A killer bee (D)
  A crimson imp (D)
  An iguana (D)
  2 worker ants (D)
  An adder (D)
  An adder zombie (D)
  A dart slug (D)
  A ball python (D)
  A kobold (D)
  2 bats (D)
  A frilled lizard (D)
16 creatures vanquished.

Notes
Turn   | Place    | Note
-------+----------+-------------------------------------------
     0 | D        | emperorscorpion the Deep Elf Air Elementalist began the quest for the Orb.
     0 | D        | Reached XP level 1. HP: 10/10 MP: 6/6
   152 | D        | Noticed a worker ant
   152 | D        | Noticed an iguana
   152 | D        | Noticed an ogre
   158 | D        | Reached XP level 2. HP: 11/15 MP: 0/8
   158 | D        | Reached skill level 4 in Spellcasting
   158 | D        | Reached skill level 5 in Air Magic
   158 | D        | Reached XP level 3. HP: 14/19 MP: 0/11
   168 | D        | Reached skill level 5 in Spellcasting
   170 | D        | Killed an ogre
   170 | D        | Reached skill level 7 in Spellcasting
   170 | D        | Reached XP level 4. HP: 19/24 MP: 0/15
   170 | D        | Reached XP level 5. HP: 22/28 MP: 0/16
   188 | D        | Found a roughly hewn altar of Beogh.
   188 | D        | Found a snail-covered altar of Cheibriados.
   188 | D        | Found a shadowy altar of Dithmenos.
   188 | D        | Found a white marble altar of Elyvilon.
   188 | D        | Found a blossoming altar of Fedhas.
   188 | D        | Found an opulent altar of Gozag.
   189 | D        | Found a hazy altar of Hepliaklqana.
   190 | D        | Found a viscous altar of Jiyva.
   191 | D        | Found an ancient bone altar of Kikubaaqudgha.
   192 | D        | Found a corrupted altar of Lugonu.
   193 | D        | Found a burning altar of Makhleb.
   194 | D        | Found a sparkling altar of Nemelex Xobeh.
   195 | D        | Found an iron altar of Okawaru.
   196 | D        | Found a stormy altar of Qazlal.
   197 | D        | Found a sacrificial altar of Ru.
   198 | D        | Found a deep blue altar of Sif Muna.
   199 | D        | Found a bloodstained altar of Trog.
   200 | D        | Found a hide-covered altar of Uskayaw.
   201 | D        | Found a radiant altar of Vehumet.
   202 | D        | Found an ornate altar of the Wu Jian Council.
   203 | D        | Found a shimmering altar of Xom.
   204 | D        | Found a basalt altar of Yredelemnul.
   205 | D        | Found a glowing silver altar of Zin.
   206 | D        | Became a worshipper of Sif Muna the Loreminder
   207 | D        | Found a glowing golden altar of the Shining One.
   245 | D        | Learned a level 2 spell: Swiftness
   250 | D        | Learned a level 4 spell: Airstrike
   256 | D        | Learned a level 5 spell: Lightning Bolt
   262 | D        | Noticed a water moccasin
   265 | D        | Reached skill level 5 in Dodging
   265 | D        | Reached skill level 1 in Invocations
   266 | D        | Reached * piety under Sif Muna
   266 | D        | Reached skill level 8 in Spellcasting
   267 | D        | Killed a water moccasin
   267 | D        | Reached ** piety under Sif Muna
   267 | D        | Reached skill level 9 in Spellcasting
   267 | D        | Reached XP level 6. HP: 17/32 MP: 3/20
   272 | D        | Reached skill level 10 in Spellcasting
   272 | D        | Reached skill level 5 in Charms
   391 | D        | Noticed a wyvern
   391 | D        | Noticed a seven-headed hydra
   391 | D        | Noticed an orc warrior
   391 | D        | Noticed a troll
   393 | D        | Slain by a troll

Vault maps used:
D:        linesprint

Skill      XL: |  1  2  3  4  5  6 |
---------------+-------------------+-----
Dodging        | 3 4 5 |  5.7
Air Magic      | 4 5 7 9 |  9.4
Stealth        | 3 4 |  4.6
Spellcasting   | 4 7 9 10 | 10.2
Conjurations   | 2 3 |  3.3
Charms         | 4 5 |  5.2
Invocations    | 3 4 |  4.3
Fighting       | |  0.1
Evocations     | |  0.4

Action                   |  1- 3 |  4- 6 || total
-------------------------+-------+-------++-------
Melee: Short sword       |     1 |     4 ||     5
 Cast: Shock             |    10 |     4 ||    14
       Lightning Bolt    |       |     4 ||     4
       Airstrike         |       |     1 ||     1
Evoke: Staff of energy   |       |     1 ||     1
Dodge: Dodged            |     9 |     9 ||    18

Table legend:
 A = Spawn XP
 B = Non-spawn XP
 C = Spawn XP percentage of total XP
 D = Spawn monster count
 E = Non-spawn monster count
 F = Spawn count percentage of total count
 G = Total turns spent on level
                    A         B        C        D         E        F      G
               +---------+---------+-------+---------+---------+-------+---------
         Total |       0 |     611 |   0.0 |       0 |      16 |   0.0 |   393
               +---------+---------+-------+---------+---------+-------+---------
             D |       0 |     611 |   0.0 |       0 |      16 |   0.0 |   393
               +---------+---------+-------+---------+---------+-------+---------
